 Dungeon Crawl Stone Soup version 0.29.1-1-gd02db6906a (webtiles) character file.

Game seed: 17237891018781543027

45507 croobank the Spry (level 14, -7/73 HPs)
             Began as a Felid Summoner on Oct 11, 2022.
             Was an Initiate of Gozag.
             Shot with a sling bullet by a faun (14 damage)
             ... on level 1 of the Shoals on Oct 12, 2022.
             The game lasted 05:30:39 (44783 turns).

croobank the Spry (Felid Summoner)                 Turns: 44783, Time: 05:30:39

Health: -7/73      AC:  7    Str:  4    XL:     14   Next: 1%
Magic:  0/29       EV: 30    Int: 22    God:    Gozag
Gold:   339        SH:  0    Dex: 16    Spells: 4/33 levels left
                                        Lives:  0   Deaths: 2

rFire   + . .      SeeInvis +   (weapon unavailable)
rCold   + . .      Faith    .   (shield unavailable)
rNeg    . . .      Spirit   +   (body armour unavailable)
rPois   .          Reflect  .   (helmet unavailable)
rElec   .          Harm     .   (cloak unavailable)
rCorr   .          Rampage  .   (gloves unavailable)
Will    ++...                   (boots unavailable)
Stlth   ++........              u - amulet of guardian spirit
HPRegen 0.22/turn               k - ring of protection from fire
MPRegen 0.21/turn               r - +4 ring of protection

@: gold aura, quick
A: very small, claws 1, fangs 3, see invisible, speed 1, shaggy fur 3, stealthy
paws, no weapons or thrown items, no armour, multi-lived
a: Renounce Religion, Potion Petition, Call Merchant, Bribe Branch


You were on level 1 of the Shoals.
You worshipped Gozag.
Gozag was aware of your devotion.
You visited 6 branches of the dungeon, and saw 25 of its levels.
You also visited: Volcano.

You collected 7165 gold pieces.
You spent 1997 gold pieces at shops.
You paid 4829 gold pieces to Gozag.

Inventory:

Jewellery
 k - a ring of protection from fire (left paw)
 o - an amulet of magic regeneration
 r - a +4 ring of protection (right paw)
 u - an amulet of guardian spirit (around neck)
 x - a +4 ring of slaying
 K - the ring "Hipissat" {rN+ Dex+6 SInv}
   (You found it on level 12 of the Dungeon)

   [ring of dexterity]

   Dex:       It affects your dexterity (+6).
   rN:        It protects you from negative energy.
   SInv:      It lets you see invisible.
Wands
 f - a wand of flame (77)
 l - a wand of mindburst (13)
 m - a wand of digging (5)
 F - a wand of charming (16)
 L - a wand of acid (1)
Scrolls
 a - a scroll of blinking
 b - a scroll of fear
 c - 4 scrolls of teleportation
 d - 2 scrolls of poison
 p - a scroll of noise
 s - 2 scrolls of amnesia
 w - 2 scrolls of vulnerability
 z - 2 scrolls of immolation
 D - 10 scrolls of identify
 H - 4 scrolls of fog
Potions
 e - a potion of resistance
 g - 4 potions of brilliance
 h - 8 potions of lignification
 i - 2 potions of attraction
 j - 3 potions of flight
 n - 3 potions of mutation
 t - 3 potions of haste
 A - 5 potions of ambrosia
 C - a potion of might
 E - a potion of berserk rage
Miscellaneous
 I - a piece from Xom's chessboard (13/15)
 J - a lightning rod (inert)
 M - a tin of tremorstones (2/2)


   Skills:
 + Level 15.4 Fighting
 - Level 19.0 Dodging
 - Level 2.6 Stealth
 - Level 10.0 Spellcasting
 - Level 7.0 Hexes
 + Level 11.1 Summonings
 - Level 5.0 Necromancy
 + Level 4.2 Translocations
 - Level 7.0 Air Magic
 + Level 4.5 Poison Magic


You had 4 spell levels left.
You knew the following spells:

 Your Spells              Type           Power      Damage    Failure   Level
a - Summon Small Mammal   Summ           100%       N/A       1%          1
b - Call Imp              Summ           57%        N/A       1%          2
c - Call Canine Familiar  Summ           57%        N/A       1%          3
d - Summon Guardian Gole  Hex/Summ       50%        N/A       1%          3
e - Summon Lightning Spi  Summ/Air       50%        N/A       1%          4
f - Poisonous Vapours     Pois/Air       72%        N/A       1%          2
g - Dispel Undead         Necr           33%        3d14      8%          4
h - Summon Mana Viper     Hex/Summ       50%        N/A       4%          5
i - Blink                 Tloc           58%        N/A       1%          2
j - Mephitic Cloud        Conj/Pois/Air  27%        N/A       3%          3

Your spell library contained the following spells:

 Spells                   Type           Power      Damage    Failure   Level
 Sublimation of Blood     Necr           33%        N/A       1%          2
 Sting                    Tmut/Pois      80%        1d7       2%          1
 Anguish                  Hex/Necr       18%        N/A       4%          4
 Magic Dart               Conj           44%        1d5       6%          1
 Wereblood                Tmut           11%        N/A       9%          2
 Ignite Poison            Fire/Tmut/Pois 17%        N/A       10%         3
 Olgreb's Toxic Radiance  Pois           30%        N/A       10%         4
 Frozen Ramparts          Ice            22%        1d4       19%         3
 Ozocubu's Armour         Ice            11%        N/A       19%         3
 Petrify                  Tmut/Erth      11%        N/A       52%         4
 Manifold Assault         Tloc           29%        N/A       28%         5
 Summon Hydra             Summ           28%        N/A       45%         7
 Freezing Cloud           Conj/Ice/Air   10%        6-21      54%         5
 Death Channel            Necr           16%        N/A       75%         6
 Irradiate                Conj/Tmut      5%         3d13      86%         5
 Enfeeble                 Hex            20%        N/A       96%         7
 Spellforged Servitor     Conj/Summ      17%        N/A       99%         7
 Ozocubu's Refrigeration  Ice            5%         4d8       100%        7
 Storm Form               Tmut/Air       13%        N/A       100%        7
 Corpse Rot               Necr/Pois/Air  Unusable   N/A       N/A         4

Dungeon Overview and Level Annotations

Branches:
Dungeon (14/15)            Temple (1/1) D:7            Lair (5/5) D:11
 Shoals (1/4) Lair:2        Snake (2/4) Lair:2        Slime (0/5) Lair:5
    Orc (2/2) D:11            Elf (0/3) Orc:2       Volcano (visited)
 Vaults: D:13-14

Altars:
Ashenzari
Cheibriados
Dithmenos
Elyvilon
Fedhas
Gozag
Kikubaaqudgha
Makhleb
Nemelex Xobeh
Okawaru
Qazlal
Ru
Sif Muna
Trog
Vehumet
Wu Jian
Yredelemnul
Zin
Jiyva

Shops:
D:2 (   D:4 *   D:9 (   D:11 ?   Orc:2 [=(!:*:   Lair:2 =   Snake:1 [

Portals:
Trove: D:11 (give 6 scrolls of fog)

Annotations:
D:4 2 transporters
Lair:1 2 transporters, dave1331's ghost, novice HOFi
Lair:5 2 runed translucent doors


Innate Abilities, Weirdness & Mutations

You have sharp claws.
You have razor-sharp teeth.
You have supernaturally acute eyesight. (SInv)
You cover ground quickly. (Speed+)
Your thick and shaggy fur keeps you warm. (AC +3, rC+)
Your paws help you pounce on unaware monsters.
You are incapable of wielding weapons or throwing items.
You cannot wear armour.
You gain extra lives every three experience levels.


Message History

You feel magically purged.
You break out of your daze.
You feel your willpower return.
Your mana viper splashes around in the water.
The faun points at you and mumbles some strange words.
Your willpower is stripped away!
The faun unwields a +0 sling.
The faun wields a +0 quarterstaff.
The faun hits the plant with a +0 quarterstaff!!
The plant begins to die.
Your warg bites the snapping turtle but does no damage.
The snapping turtle bites your warg!!
Your mana viper bites the snapping turtle.
The snapping turtle bites you!
* * * LOW HITPOINT WARNING * * *
Your warg bites the snapping turtle but does no damage.
The faun hits the plant with a +0 club!!
Your guardian golem overheats!
Your mana viper barely misses the snapping turtle.
The merfolk siren chants a haunting song.
You are mesmerised by the merfolk siren!
The snapping turtle bites your guardian golem but does no damage.
The snapping turtle barely misses you.
Your warg bites the snapping turtle.
The faun splashes around in the water.
Your mana viper bites the snapping turtle but does no damage.
There is a staircase back to the Lair here.
You cannot move away from the merfolk siren!
Your magical effects are unravelling.
You feel magically purged.
You break out of your daze.
You feel your willpower return. The snapping turtle bites your warg.
Flame seeps out of your guardian golem.
The merfolk siren chants a haunting song.
You resist.
Your warg bites the snapping turtle.
Your mana viper bites the snapping turtle!!
The snapping turtle dies!
A manticore comes into view.
The faun unwields a +0 quarterstaff.
The faun wields a +0 sling.
The faun shoots a sling bullet.
The sling bullet hits you!
You die...
Your body crumbles into a pile of gold.

≈≈≈~~~≈≈≈≈≈≈≈≈≈
~~~~~~~~~≈≈≈≈≈~~~
~~~~~~~~~~~~~~~~~
~~~~..~~~~~cm~~~~
~~...#.P~~~Pc~~~~
~~.....~~(PPc~~~≈
~~....~~~P~≈≈≈≈≈≈
~....!~@8~~P~~≈≈≈
......~S~~~~~≈~~~
.##..~~$9~~.~≈≈~≈
#.....ht~~~≈≈≈≈
P....###.~≈~≈≈≈≈≈
~~~.. ##~~≈≈≈≈~≈
$ ~~P~ .~~≈≈≈≈≈~
.~~~ ~~≈≈H≈~~~ ~
~~≈≈≈~~~~


You could see a snapping turtle (distracted, ally target), 3 fauns, a manticore,
a merfolk siren, a friendly mana viper (summoned, sheltered), a friendly
guardian golem (summoned, inner flame), a friendly warg (summoned, sheltered)
and a friendly lightning spire (summoned, sheltered).

Vanquished Creatures
  An orc high priest (Orc:2)
  Sonja (Orc:2)
  A black mamba (Snake:1)
  A molten gargoyle (Lair:5)
  A meliai (Lair:4)
  3 blink frogs (Lair:4)
  A shadow (D:12)
  A wraith (D:9)
  A centaur (Lair:1)
  A bullfrog (Lair:4)
  A scorpion (D:7)
  3 killer bees (Lair:4)
  2 electric eels (D:13)
  An orc priest (Orc:2)
  An orc wizard (D:7)
  A gnoll (D:5)
  An ufetubus (D:5)
  A dart slug (D:3)
  11 orcs
  A giant cockroach (D:1)
  A goblin (D:3)
  A quokka (D:3)
  2 bats
  A frilled lizard (D:1)
  A kobold (D:3)
  3 rats (D:1)
44 creatures vanquished.

Vanquished Creatures (collateral kills)
  Aizul (Snake:1)
  Snorg (Orc:2)
  Erolcha (D:9)
  4 boulder beetles
  An anaconda (Snake:1)
  3 hydras
  2 catoblepae (Lair:4)
  4 two-headed ogres
  2 naga warriors (Snake:1)
  Urug (D:13)
  3 death yaks
  6 orc high priests
  A naga sharpshooter (Snake:1)
  A bog body (Lair:2)
  3 deep elf pyromancers
  A lindwurm (Lair:5)
  2 ugly things (D:14)
  2 manticores
  4 orc sorcerers
  2 salamanders (Snake:1)
  An ice statue (Lair:2)
  4 elephants (Lair:4)
  7 black mambas
  2 naga magi (Snake:1)
  A black mamba (shapeshifter) (D:11)
  A torpor snail (Lair:1)
  A molten gargoyle (Lair:5)
  8 cane toads
  A gargoyle (D:12)
  An unseen horror (D:12)
  2 kobold demonologists (D:10)
  3 rime drakes (Lair:2)
  An efreet (D:13)
  3 komodo dragons
  A polar bear (Lair:4)
  3 meliai
  A queen bee (Lair:4)
  2 trolls
  Prince Ribbit (D:5)
  A snapping turtle (Shoals:1)
  A snapping turtle (shapeshifter) (D:13)
  9 slime creatures (D:12)
  5 blink frogs
  Sigmund (D:5)
  A vampire (D:12)
  A fire elemental (Volcano)
  9 wyverns
  Eustachio (D:5)
  3 wraiths
  28 yaks
  8 basilisks
  13 vampire mosquitoes
  2 steam dragons
  A death yak simulacrum (Lair:2)
  2 acid dragons
  9 nagas
  5 wargs
  12 water moccasins
  3 hell hounds (Lair:5)
  A black bear (D:6)
  15 orc warriors
  A sky beast (D:6)
  5 wolves (Lair:2)
  3 ogres
  2 centaurs
  2 kobold brigands (D:9)
  Blork the orc (D:5)
  3 bullfrogs
  A necrophage (D:6)
  A gnoll sergeant (D:8)
  5 scorpions
  2 earth elementals
  A two-headed ogre simulacrum (Lair:2)
  4 wights
  21 killer bees (Lair:4)
  5 howler monkeys
  3 jellies
  4 lava snakes (Lair:5)
  3 hounds
  Crazy Yiuf (D:3)
  45 orc priests
  Natasha (thrice) (D:2)
  25 orc wizards
  6 hell rats (Lair:5)
  3 iguanas
  A polar bear simulacrum (Lair:2)
  A troll simulacrum (Lair:2)
  19 gnolls
  4 adders
  2 white imps (Lair:2)
  An ufetubus (D:5)
  3 worms
  3 dart slugs
  84 orcs
  4 bats
  2 bat zombies (D:3)
  6 endoplasms
  A giant cockroach (D:3)
  7 goblins
  5 hobgoblins
  13 jackals (D:5)
  23 kobolds
  4 quokkas
  4 ball pythons
  4 frilled lizards
  9 rats (D:1)
  A rat zombie (D:3)
  A bush (D:3)
  A fire vortex (Volcano)
573 creatures vanquished.

Vanquished Creatures (others)
  Jorgrun (Orc:1)
  Frances (Snake:1)
  Josephine (D:13)
  7 hydras
  2 boulder beetles
  An anaconda (Snake:1)
  3 two-headed ogres
  A tengu warrior (D:13)
  4 death yaks (Lair:2)
  An orc high priest (Orc:1)
  A shock serpent (Snake:1)
  A skeletal warrior (D:12)
  A deep troll (Snake:1)
  A lindwurm (Lair:5)
  An orc knight (Orc:1)
  2 elephants (Lair:4)
  4 black mambas
  2 torpor snails
  Psyche (D:11)
  A gargoyle (D:11)
  Maggie (D:6)
  3 cane toads (Lair:4)
  An ice devil (Lair:2)
  3 komodo dragons
  2 trolls
  A snapping turtle (Lair:2)
  A blink frog (Lair:3)
  A wraith (D:13)
  A wyvern (D:7)
  17 yaks
  A shadow (D:11)
  2 basilisks
  4 vampire mosquitoes
  3 nagas
  A warg (Orc:1)
  An acid dragon (D:5)
  2 water moccasins
  Duvessa (D:6)
  2 orc warriors (Orc:1)
  A black bear (D:7)
  4 ogres
  A centaur (D:7)
  2 kobold brigands
  A phantom (D:7)
  A necrophage (D:5)
  8 wights
  Dowan (D:6)
  10 killer bees
  2 howler monkeys (D:9)
  An orc priest (Orc:1)
  2 hounds (D:5)
  Ijyb (D:4)
  4 orc wizards
  A hell rat (Lair:5)
  A polar bear simulacrum (Lair:2)
  6 gnolls (D:5)
  9 orcs
  A ball python (D:4)
  A kobold (D:10)
  A bush (Lair:5)
  34 fungi
  57 plants
235 creatures vanquished.

Grand Total: 852 creatures vanquished

Notes
Turn   | Place    | Note
-------+----------+-------------------------------------------
     0 | D:1      | croobank the Felid Summoner began the quest for the Orb.
     0 | D:1      | Reached XP level 1. HP: 7/7 MP: 4/4
   172 | D:1      | Reached skill level 3 in Dodging
   172 | D:1      | Reached XP level 2. HP: 12/12 MP: 3/6
   175 | D:1      | Learned a level 2 spell: Call Imp
   225 | D:1      | You fall into a shaft and drop 1 floor!
   755 | D:1      | Reached skill level 1 in Fighting
  1575 | D:2      | Reached XP level 3. HP: 15/15 MP: 2/7
  2158 | D:2      | Noticed Natasha
  2164 | D:2      | Learned a level 3 spell: Call Canine Familiar
  2177 | D:2      | Killed Natasha
  2214 | D:2      | Noticed Natasha
  2228 | D:2      | Killed Natasha
  2229 | D:2      | Reached XP level 4. HP: 11/19 MP: 1/9
  2377 | D:2      | Found Beodum's Weapon Shoppe.
  2401 | D:2      | Noticed Natasha
  2409 | D:2      | Killed Natasha
  2410 | D:2      | Reached skill level 4 in Dodging
  2965 | D:3      | Found a broken altar of Ashenzari.
  3231 | D:3      | Found a faded altar of an unknown god.
  3236 | D:3      | Reached XP level 5. HP: 22/22 MP: 10/10
  3240 | D:3      | Learned a level 3 spell: Summon Guardian Golem
  3675 | D:3      | Found an ancient bone altar of Kikubaaqudgha.
  3908 | D:3      | Found a runed translucent door.
  3909 | D:3      | Noticed Crazy Yiuf
  3924 | D:3      | Killed Crazy Yiuf
  4044 | D:3      | HP: 1/23 [orc priest/divine providence (13)]
  4609 | D:4      | Reached skill level 5 in Summonings
  4778 | D:4      | Gained mutation: You are covered in thick fur. (AC +2)
                  | [Felid growth]
  4778 | D:4      | Reached XP level 6. HP: 27/27 MP: 6/11
  4850 | D:4      | Reached skill level 1 in Hexes
  5070 | D:4      | Found Anuav's CLEARANCE SALE!.
  5078 | D:4      | Bought a potion of heal wounds for 25 gold pieces
  5157 | D:4      | Noticed Ijyb
  5181 | D:4      | Killed Ijyb
  5353 | D:4      | Found a sparkling altar of Nemelex Xobeh.
  5379 | D:4      | Found a blossoming altar of Fedhas.
  5528 | D:4      | Found a transporter.
  5548 | D:4      | Reached skill level 5 in Dodging
  5852 | D:4      | Found a transporter.
  6036 | D:5      | Entered Level 5 of the Dungeon
  6036 | D:5      | Noticed Sigmund
  6057 | D:5      | Killed Sigmund
  6058 | D:5      | Reached XP level 7. HP: 10/31 MP: 4/13
  6656 | D:5      | Noticed Blork the orc
  6723 | D:5      | Killed Blork the orc
  7160 | D:5      | Learned a level 4 spell: Summon Lightning Spire
  7339 | D:5      | Reached skill level 5 in Hexes
  7339 | D:5      | Noticed Eustachio
  7425 | D:5      | Noticed Prince Ribbit
  7453 | D:5      | Killed Prince Ribbit
  7454 | D:5      | Reached skill level 6 in Dodging
  7454 | D:5      | Reached XP level 8. HP: 21/36 MP: 0/15
  8234 | D:5      | Found a radiant altar of Vehumet.
  8639 | D:5      | Reached skill level 7 in Dodging
  8683 | D:5      | Reached skill level 5 in Spellcasting
  8956 | D:5      | Reached skill level 5 in Fighting
  9503 | D:6      | Noticed Maggie
  9518 | D:6      | Killed Maggie
  9519 | D:6      | Reached XP level 9. HP: 29/40 MP: 12/18
  9532 | D:6      | Found a shadowy altar of Dithmenos.
  9742 | D:6      | Reached skill level 8 in Dodging
 10439 | D:6      | Found a snail-covered altar of Cheibriados.
 10562 | D:6      | Noticed Duvessa
 10562 | D:6      | Noticed Dowan
 10577 | D:6      | Killed Duvessa
 10591 | D:6      | Killed Dowan
 11161 | D:7      | Reached skill level 9 in Dodging
 11161 | D:7      | Reached skill level 1 in Air Magic
 11559 | D:7      | Found a staircase to the Ecumenical Temple.
 11568 | Temple   | Entered the Ecumenical Temple
 11588 | Temple   | Became a worshipper of Gozag Ym Sagoz the Greedy
 12185 | D:8      | Reached XP level 10. HP: 31/46 MP: 9/20
 13266 | D:9      | Noticed Erolcha
 13283 | D:9      | Killed Erolcha
 13424 | D:9      | Reached skill level 10 in Dodging
 14125 | D:9      | Found Kootaeru's Antique Weapon Shoppe.
 15561 | D:10     | Entered Level 10 of the Dungeon
 15629 | D:10     | Reached XP level 11. HP: 51/51 MP: 17/23
 15721 | D:10     | Noticed a two-headed ogre
 15743 | D:10     | Killed a two-headed ogre
 15868 | D:10     | Found a glowing silver altar of Zin.
 15904 | D:10     | Reached skill level 11 in Dodging
 16728 | D:10     | Found a shimmering blue altar of Sif Muna.
 17170 | D:5      | Killed Eustachio
 17464 | D:11     | Noticed a boulder beetle
 17481 | D:11     | Found Featt's Magic Scroll Emporium.
 17485 | D:11     | Killed a boulder beetle
 17499 | D:11     | Identified the +4 war axe "Betifulab" {spect, rC+ Dex+7}
 17509 | D:11     | Found a staircase to the Orcish Mines.
 17609 | D:11     | Bought a scroll of identify for 30 gold pieces
 17609 | D:11     | Bought a scroll of magic mapping for 112 gold pieces
 17609 | D:11     | Bought a scroll of identify for 30 gold pieces
 17660 | D:11     | Noticed a boulder beetle
 17687 | D:11     | Killed a boulder beetle
 17688 | D:11     | Reached skill level 5 in Air Magic
 17847 | D:11     | Noticed Psyche
 17852 | D:11     | Learned a level 2 spell: Poisonous Vapours
 17854 | D:11     | Killed Psyche
 17941 | D:11     | Found a portal to a secret trove of treasure.
 18237 | D:11     | Noticed a boulder beetle
 18279 | D:11     | Killed a boulder beetle
 18280 | D:11     | Reached skill level 12 in Dodging
 18280 | D:11     | Reached skill level 10 in Summonings
 18604 | D:11     | Found a staircase to the Lair.
 18886 | D:12     | Noticed a deep elf pyromancer
 18894 | D:12     | Killed a deep elf pyromancer
 19062 | D:12     | Gained mutation: Your thick and shaggy fur keeps you warm.
                  | (AC +3, rC+) [Felid growth]
 19062 | D:12     | Reached XP level 12. HP: 57/57 MP: 14/25
 19231 | D:12     | Noticed a two-headed ogre
 19241 | D:12     | Killed a two-headed ogre
 19666 | D:12     | Noticed a two-headed ogre
 19674 | D:12     | Killed a two-headed ogre
 19766 | D:12     | Noticed a boulder beetle
 19775 | D:12     | Learned a level 4 spell: Dispel Undead
 19872 | D:12     | Noticed a boulder beetle
 19873 | D:12     | Noticed a seven-headed hydra
 19873 | D:12     | Noticed a two-headed ogre
 19913 | Lair:1   | Entered Level 1 of the Lair of Beasts
 19920 | Lair:1   | Noticed a five-headed hydra
 19936 | Lair:1   | Killed a five-headed hydra
 19937 | Lair:1   | Reached skill level 13 in Dodging
 20126 | Lair:1   | Reached skill level 10 in Fighting
 20275 | Lair:1   | Noticed an eight-headed hydra
 20284 | Lair:1   | Killed an eight-headed hydra
 20642 | Lair:1   | Identified the +8 flail "Gafe" {spect, rElec rC+ rN+ rCorr}
 20654 | Lair:1   | Noticed a six-headed hydra
 20664 | Lair:1   | Killed a six-headed hydra
 20729 | Lair:1   | Found a transporter.
 20766 | Lair:1   | Noticed an eight-headed hydra
 20784 | Lair:1   | Found a transporter.
 20796 | Lair:1   | Noticed dave1331's ghost (novice HOFi)
 21270 | Lair:2   | Reached skill level 10 in Spellcasting
 21356 | Lair:2   | Reached skill level 14 in Dodging
 21377 | Lair:2   | Noticed a five-headed hydra
 21391 | Lair:2   | Noticed a death yak
 21391 | Lair:2   | Noticed a death yak
 21404 | Lair:2   | Killed a five-headed hydra
 21405 | Lair:2   | Noticed a death yak
 21410 | Lair:2   | Noticed a death yak
 21415 | Lair:2   | Noticed a death yak
 21423 | Lair:2   | Killed a death yak
 21424 | Lair:2   | Reached XP level 13. HP: 55/63 MP: 5/28
 22183 | Lair:2   | Found a staircase to the Snake Pit.
 22218 | Lair:2   | Reached skill level 15 in Dodging
 23227 | Lair:2   | Found a staircase to the Shoals.
 23948 | Lair:3   | Reached skill level 16 in Dodging
 24331 | Lair:3   | You fall into a shaft and drop 2 floors!
 24331 | Lair:5   | Entered Level 5 of the Lair of Beasts
 24331 | Lair:5   | Noticed a fire dragon
 24331 | Lair:5   | Found a large runed translucent door.
 24331 | Lair:5   | Found a large runed translucent door.
 24827 | Lair:3   | Found a dark tunnel.
 24833 | Volcano  | Entered a volcano
 27232 | Lair:4   | Reached skill level 17 in Dodging
 27605 | Lair:4   | Reached XP level 14. HP: 48/70 MP: 12/29
 29268 | Lair:5   | Found a runed translucent door.
 29278 | Lair:5   | Found a viscous altar of Jiyva.
 29379 | Lair:5   | Found a staircase to the Slime Pits.
 30157 | Lair:5   | Reached skill level 18 in Dodging
 31566 | Orc:1    | Entered Level 1 of the Orcish Mines
 31570 | Orc:1    | Noticed Jorgrun
 31578 | Orc:1    | HP: 1/72 [constriction (8)]
 31579 | Orc:1    | Constricted to death by Jorgrun
 31580 | Orc:1    | Reached XP level 13. HP: -2/67 MP: 0/28
 31620 | Orc:1    | Killed Jorgrun
 32450 | Orc:1    | Found a burning altar of Makhleb.
 32660 | Orc:2    | Entered Level 2 of the Orcish Mines
 32660 | Orc:2    | Found Jexeon's Book Emporium.
 32965 | Orc:2    | Bought the Incunable of the Unemployed Unperson for 748
                  | gold pieces
 32965 | Orc:2    | Bought an Inescapable Atlas for 578 gold pieces
 32971 | Orc:2    | Learned a level 5 spell: Summon Mana Viper
 32974 | Orc:2    | Learned a level 2 spell: Blink
 32978 | Orc:2    | Learned a level 3 spell: Mephitic Cloud
 33002 | Orc:2    | Noticed Snorg
 33029 | Orc:2    | Killed Snorg
 33882 | Orc:1    | Reached skill level 1 in Poison Magic
 34244 | Orc:2    | Found Xinkoat's Distillery.
 34244 | Orc:2    | Found Peitaw's Antique Weapon Emporium.
 34270 | Orc:2    | Bought a potion of curing for 54 gold pieces
 34506 | Orc:2    | HP: 3/68 [soul eater[an orc high priest] (17)]
 34521 | Orc:2    | Reached skill level 19 in Dodging
 34523 | Orc:2    | Noticed Sonja
 34556 | Orc:2    | HP: 2/67 [sixfirhy[an orc high priest] (11)]
 34570 | Orc:2    | Killed Sonja
 34571 | Orc:2    | Reached skill level 1 in Necromancy
 35152 | Orc:2    | Reached XP level 14. HP: 63/72 MP: 9/29
 36228 | Orc:2    | Found Dueph's Jewellery Shop.
 36228 | Orc:2    | Found Keaqaich's Armour Emporium.
 36579 | Orc:2    | Found a staircase to the Elven Halls.
 37819 | D:12     | Identified the ring "Hipissat" {rN+ Dex+6 SInv}
 38634 | D:13     | Reached skill level 15 in Fighting
 38757 | D:13     | Noticed Urug
 38767 | D:13     | Killed Urug
 39243 | D:13     | Noticed Josephine
 39253 | D:13     | Killed Josephine
 40476 | Snake:1  | Entered Level 1 of the Snake Pit
 40605 | Snake:1  | Reached skill level 1 in Translocations
 40984 | Snake:1  | Reached skill level 5 in Necromancy
 41274 | Lair:2   | Bought an amulet of magic regeneration for 420 gold pieces
 41302 | Snake:1  | Found Meloro's Armour Shop.
 41796 | Snake:1  | Noticed Aizul
 41798 | Snake:1  | Noticed Frances
 42575 | Snake:1  | Killed from afar by a shock serpent
 42576 | Snake:1  | Reached XP level 13. HP: -6/69 MP: 0/28
 43938 | Snake:1  | Killed Aizul
 44300 | Snake:1  | Killed Frances
 44301 | Snake:1  | Reached XP level 14. HP: 37/73 MP: 8/29
 44763 | Shoals:1 | Entered Level 1 of the Shoals
 44783 | Shoals:1 | Shot with a sling bullet by a faun

Illustrated notes

Levels and vault maps discovered:
D:1:      sevenhm_arrival_forest_fort_small_4, layout_loops_ring,
          hangedman_decor_points, minmay_rat_gold_closets
D:2:      layout_rooms, serial_shops, nicolae_diamond_shop, uniq_natasha
D:3:      wander_river, layout_basic, evilmike_ruin_ashenzari,
          lemuel_zombie_altar_kikubaaqudgha, shapermc_ecumenical_altar_ellora,
          chequers_avenue, uniq_crazy_yiuf_cottage
D:4:      gammafunk_wand_slinger, layout_rooms, mainiacjoe_overflow_two_lobes,
          enter_ossuary_5, minmay_misc_feat_alley, nicolae_shop_clearance,
          uniq_ijyb
D:5:      lemuel_castle_with_subvaults [lemuel_castle_interior_original],
          layout_cave_pods, vehumet_crystals, uniq_eustachio,
          uniq_blork_the_orc, uniq_sigmund, uniq_prince_ribbit1
D:6:      layout_basic, mainiacjoe_overflow_alcove_1, cheibriados_altar_1,
          uniq_maggie, uniq_duvessa
D:7:      layout_basic, minmay_temple_entry_large_hall
D:8:      layout_basic
D:9:      layout_basic, serial_shops, nicolae_diamond_shop, uniq_erolcha
D:10:     layout_basic, old_standard_altar, mainiacjoe_overflow_alcove_2,
          enter_bailey_3, hangedman_decor_push
D:11:     layout_stronghold, lair_entry_dummy, david_orc_2, enter_trove_0,
          serial_shops, nicolae_square_shop, hangedman_decor_diamond_cutter,
          uniq_psyche
D:12:     layout_layer_cave, minmay_joined_circles
D:13:     layout_irregular_city, kennysheep_diamond, uniq_urug, uniq_josephine
D:14:     layout_small_grid, erik_vaults_2, bh_walls_and_bars
Temple:   nicolae_temple_god_jail
Lair:1:   layout_misc_corridors, gammafunk_ghost_berserking_beasts,
          grunt_forest_large_clearing_hut
Lair:2:   dreamdust_isle_of_ice, layout_cave_pods, minmay_shoals_entry_hut,
          guppyfry_snake_entry_island
Lair:3:   layout_layer_cave, enter_volcano_1
Lair:4:   regret_index_wax_grids, layout_misc_corridors
Lair:5:   cheibrodos_lair_end_hotspot, layout_small_grid, slime_entry_2
Shoals:1: layout_shoals, uniq_mlioglotl
Snake:1:  layout_chambers, serial_shops, nicolae_diamond_shop, uniq_aizul,
          uniq_frances
Snake:2:  layout_grid_shapes
Orc:1:    layout_diamond_mine, basic_altar, nicolae_orc_lava_room, uniq_jorgrun
Orc:2:    st_orc_town, layout_caves, serial_shops, shop, mines1_david,
          uniq_sonja, uniq_snorg

Skill      XL: |  1  2  3  4  5  6  7  8  9 10 11 12 13 14 |
---------------+-------------------------------------------+-----
Dodging        | 3 4 5 6 7 9 10 12 14 19 18 | 19.0
Fighting       | 1 2 3 4 5 6 7 9 10 13 15 | 15.4
Spellcasting   | 3 4 5 6 7 8 10 | 10.0
Summonings     | 5 6 7 8 9 10 11 | 11.1
Hexes          | 3 5 6 7 |  7.0
Air Magic      | 2 4 6 7 |  7.0
Poison Magic   | 1 4 |  4.5
Necromancy     | 1 5 |  5.0
Translocations | 4 2 |  4.2
Stealth        | |  2.6

Action                   |  1- 3 |  4- 6 |  7- 9 | 10-12 | 13-15 || total
-------------------------+-------+-------+-------+-------+-------++-------
Melee: Unarmed           |    13 |    74 |    63 |    65 |   221 ||   436
       Bite              |       |    12 |    10 |    17 |    38 ||    77
       Punch             |       |       |     3 |     2 |     2 ||     7
 Cast: Summon Small Mamm |    61 |    55 |    92 |    21 |    77 ||   306
       Call Imp          |    15 |    14 |    20 |     8 |    25 ||    82
       Call Canine Famil |     3 |    26 |    49 |    45 |    90 ||   213
       Summon Guardian G |       |     2 |    48 |    78 |   131 ||   259
       Summon Lightning  |       |       |     1 |    73 |   215 ||   289
       Poisonous Vapours |       |       |       |     4 |    33 ||    37
       Summon Mana Viper |       |       |       |       |    67 ||    67
       Mephitic Cloud    |       |       |       |       |     1 ||     1
       Dispel Undead     |       |       |       |       |     1 ||     1
Invok: Potion Petition   |       |       |       |       |     8 ||     8
       Call Merchant     |       |       |       |       |     3 ||     3
Evoke: Wand              |       |       |    10 |       |    33 ||    43
       Lightning rod     |       |       |       |       |    12 ||    12
       Piece from Xom's  |       |       |       |       |     2 ||     2
  Use: Potion            |       |     3 |     2 |     1 |    20 ||    26
       Scroll            |       |     9 |    10 |     5 |    29 ||    53
 Stab: Sleeping          |       |     1 |     1 |       |     1 ||     3
       Distracted        |       |       |     3 |     1 |     4 ||     8
Armor: Skin              |     2 |     1 |     8 |     6 |    39 ||    56
Dodge: Dodged            |    16 |    36 |   107 |   117 |   591 ||   867
